 Dungeon Crawl Stone Soup version 0.24-a0-335-g06ca16a (webtiles) character file.

Game seed: 14437934001731375081

6030 Borgoz the Carver (level 10, -1/63 HPs)
             Began as a Gargoyle Gladiator on May 18, 2019.
             Was an Initiate of Ashenzari.
             Slain by a two-headed ogre
             ... wielding a +0 giant club
              (3 damage)
             ... on level 8 of the Dungeon.
             The game lasted 00:16:52 (8927 turns).

Borgoz the Carver (Gargoyle Gladiator)              Turns: 8927, Time: 00:16:53

Health: -1/63      AC: 23    Str: 19    XL:     10   Next: 86%
Magic:  0/10       EV: 17    Int:  9    God:    Ashenzari [......]
Gold:   370        SH:  0    Dex: 18    Spells: 9/9 levels left

rFire    . . .     SeeInvis .   a - +2 long sword (freeze)
rCold    + . .     Gourm    .   (no shield)
rNeg     + . .     Faith    .   v - +2 chain mail {rC+}
rPois    ∞         Spirit   +   c - +0 helmet
rElec    +         Reflect  .   n - scarf {Spirit}
rCorr    .         Harm     .   (no gloves)
MR       .....                  x - +1 pair of boots
Stlth    ..........             (no amulet)
HPRegen  0.20/turn              t - ring of wizardry
MPRegen  0.12/turn              (no ring)

@: confused, agile, flying, hasted, very quick
A: negative energy resistance 1, electricity resistance, unbreathing,
petrification resistance, rot immunity, AC +7
a: Curse Item, Renounce Religion


You were on level 8 of the Dungeon.
You worshipped Ashenzari.
Ashenzari was noncommittal.
You were not hungry.

You visited 2 branches of the dungeon, and saw 9 of its levels.

You collected 370 gold pieces.

Inventory:

Hand Weapons
 a - a +2 long sword of freezing (weapon)
 b - a +1 scimitar of flaming
Missiles
 d - 2 throwing nets (quivered)
Armour
 c - a +0 helmet (worn)
 n - a scarf of spirit shield (worn)
 v - a +2 chain mail of cold resistance (worn)
 x - a +1 pair of boots (worn)
Jewellery
 t - a ring of wizardry (left hand)
Wands
 s - a wand of flame (5)
 y - a wand of enslavement (8)
Scrolls
 h - a scroll of teleportation
 i - 5 scrolls of enchant weapon
 j - 4 scrolls of remove curse
 k - a scroll of identify
 o - a scroll of enchant armour
 r - a scroll of fog
 u - a scroll of magic mapping
Potions
 e - 3 potions of brilliance
 z - a potion of mutation {unknown}
 C - a potion of ambrosia
Comestibles
 f - 12 rations
 g - 3 chunks of flesh


   Skills:
 + Level 7.0 Fighting
 * Level 8.7 Long Blades
 - Level 1.7 Throwing
 + Level 6.7 Armour
 * Level 8.0 Dodging
 - Level 5.0 Stealth


You had 9 spell levels left.
You didn't know any spells.
Your spell library contained the following spells:

 Spells                   Type           Power        Failure   Level  Hunger
 Animate Skeleton         Necr           N/A          80%         1    ##.....
 Pain                     Necr           #...         80%         1    ##.....
 Sandblast                Erth           #.....       80%         1    ##.....
 Passwall                 Tmut/Erth      #.......     90%         2    ###....
 Regeneration             Chrm/Necr      #.........   98%         3    ####...
 Stone Arrow              Conj/Erth      #.....       98%         3    ####...
 Vampiric Draining        Necr           #.........   98%         3    ####...
 Animate Dead             Necr           N/A          100%        4    #####..
 Petrify                  Tmut/Erth      #.......     100%        4    #####..
 Lee's Rapid Deconstruct  Erth           #.........   100%        5    ######.


Dungeon Overview and Level Annotations

Branches:
Dungeon (8/15)             Temple (1/1) D:7            Lair (0/6) D:8

Altars:
Ashenzari
Cheibriados
Dithmenos
Elyvilon
Fedhas
Gozag
Hepliaklqana
Kikubaaqudgha
Makhleb
Nemelex Xobeh
Okawaru
Qazlal
Ru
Sif Muna
Uskayaw
Vehumet
Wu Jian
Xom
Yredelemnul
Zin
The Shining One

Annotations:
D:8 Gastronok


Innate Abilities, Weirdness & Mutations

You are resistant to torment.
Your stone body is resilient. (AC +7)
You are immune to poison.
You resist negative energy. (rN+)
You are resistant to electric shocks. (rElec)
You can survive without breathing.
You are immune to petrification.
You are immune to rotting.


Message History

You feel agile all of a sudden.
The two-headed ogre hits you with a +0 giant club!
* * * LOW HITPOINT WARNING * * *
The two-headed ogre misses you.
It was a potion of flight.
You feel very buoyant.
You fly up into the air.
The orc rages.
It was a potion of ambrosia.
You are confused.
You feel invigorated.
The two-headed ogre hits you with a +0 giant club!
* * * LOW HITPOINT WARNING * * *
The two-headed ogre barely misses you.
It was a potion of haste.
You feel yourself speed up.
The orc rages.
The two-headed ogre hits you with a +0 giant club.
* * * LOW HITPOINT WARNING * * *
The two-headed ogre hits you with a +0 giant spiked club.
You die...

###################
......).....WFoO@.#
############h###### #..#
***** ###$## *,,,*
**#######o§.# *,,,*
*,.......h### *,,,*
*,......(W# #...#
#,........# #...#
#,........#**########...#


You could see a two-headed ogre, a phantom, a bullfrog, an orc (berserk) and a
jackal.

Vanquished Creatures
  Harold (D:8)
  Erica (D:8)
  Joseph (D:8)
  Psyche (D:8)
  A hippogriff (D:8)
  A yak (D:8)
  Duvessa (D:5)
  An ice beast (D:7)
  A black bear (D:6)
  An orc warrior (D:8)
  3 phantoms
  2 sky beasts
  3 centaurs
  4 ogres
  2 crocodiles
  3 bullfrogs
  A gnoll sergeant (D:6)
  A wyvern zombie (D:6)
  Dowan (D:5)
  A wyvern skeleton (D:6)
  3 scorpions
  3 killer bees (D:8)
  2 howler monkeys (D:5)
  A bullfrog zombie (D:7)
  4 crimson imps
  6 hounds
  A centaur zombie (D:8)
  3 orc priests
  Ijyb (D:5)
  A jelly (D:8)
  6 orc wizards
  A gnoll shaman (D:6)
  2 bullfrog skeletons
  2 iguanas
  6 worker ants
  A hound skeleton (D:8)
  A worker ant zombie (D:8)
  11 gnolls
  A howler monkey skeleton (D:4)
  15 adders
  2 shadow imps
  An ooze (D:7)
  An adder zombie (D:7)
  3 adder skeletons (D:5)
  3 worms
  3 dart slugs
  7 leopard geckos
  24 orcs
  6 giant cockroaches
  12 goblins
  8 hobgoblins
  14 jackals
  7 kobolds
  4 quokkas
  A ball python skeleton (D:4)
  9 bats
  3 frilled lizards
  2 jackal skeletons
  A jackal zombie (D:5)
  2 quokka skeletons (D:7)
  4 rats
219 creatures vanquished.

Vanquished Creatures (others)
  A killer bee (D:8)
  2 fungi (D:8)
  2 plants (D:8)
5 creatures vanquished.

Grand Total: 224 creatures vanquished

Notes
Turn   | Place    | Note
-------+----------+-------------------------------------------
     0 | D:1      | Borgoz the Gargoyle Gladiator began the quest for the Orb.
     0 | D:1      | Reached XP level 1. HP: 12/12 MP: 1/1
   184 | D:1      | Reached XP level 2. HP: 17/17 MP: 2/2
   582 | D:1      | Reached XP level 3. HP: 17/22 MP: 3/3
   607 | D:1      | Reached skill level 1 in Armour
   835 | D:1      | Reached skill level 1 in Stealth
  1465 | D:2      | Reached XP level 4. HP: 12/27 MP: 4/4
  2282 | D:3      | Reached XP level 5. HP: 31/32 MP: 5/5
  2827 | D:3      | Found a faded altar of an unknown god.
  2949 | D:4      | Reached XP level 6. HP: 34/37 MP: 6/6
  3263 | D:4      | Reached XP level 7. HP: 30/41 MP: 2/7
  4076 | D:5      | Entered Level 5 of the Dungeon
  4098 | D:5      | Noticed Ijyb
  4139 | D:5      | Killed Ijyb
  4378 | D:5      | Reached skill level 5 in Long Blades
  4378 | D:5      | Reached XP level 8. HP: 31/48 MP: 5/8
  4562 | D:5      | Noticed Duvessa
  4562 | D:5      | Noticed Dowan
  4585 | D:5      | Killed Duvessa
  4604 | D:5      | Killed Dowan
  4834 | D:5      | Reached skill level 5 in Dodging
  4838 | D:5      | Found an opulent altar of Gozag.
  5377 | D:6      | Reached XP level 9. HP: 37/53 MP: 7/9
  5445 | D:6      | Reached skill level 5 in Fighting
  5468 | D:6      | Reached skill level 5 in Stealth
  6298 | D:7      | Reached skill level 5 in Armour
  6686 | D:7      | Found an ornate altar of the Wu Jian Council.
  7268 | D:7      | Found a staircase to the Ecumenical Temple.
  7286 | Temple   | Entered the Ecumenical Temple
  7458 | Temple   | Became a worshipper of Ashenzari the Shackled
  7645 | D:8      | Noticed Gastronok
  7645 | D:8      | Noticed Joseph
  7659 | D:8      | Found a staircase to the Lair.
  7659 | D:8      | Noticed Psyche
  7659 | D:8      | Identified the cursed +1 leather armour of Proximity
                  | {*Corrode rC+ MR+ Int+3 SInv}
  7900 | D:8      | Reached XP level 10. HP: 56/60 MP: 8/10
  7933 | D:8      | Killed Joseph
  7935 | D:8      | Noticed Harold
  7962 | D:8      | Killed Harold
  8441 | D:8      | Paralysed by something for 4 turns
  8448 | D:8      | Killed Psyche
  8855 | D:8      | Noticed Erica
  8877 | D:8      | Killed Erica
  8904 | D:8      | Noticed a two-headed ogre
  8926 | D:8      | HP: 1/63 [two-headed ogre/+0 giant club (8)]
  8927 | D:8      | Slain by a two-headed ogre

Levels and vault maps discovered:
D:1:      eino_arrival_water_star, layout_basic, serial_curves, eino_curves_04,
          eino_curves_04, chequers_serial_rivers_micro_d, st_stairs_11
D:2:      wander_river, layout_basic, first_ration
D:3:      layout_basic, chequers_ecumenical_altar_grove, chequers_garden,
          grunt_ministairs_7
D:4:      layout_basic
D:5:      layout_basic, minivault_26,
          nicolae_gozag_cash_rules_everything_around_me, uniq_ijyb, uniq_duvessa
D:6:      layout_basic
D:7:      minmay_bubble_buster, layout_basic, minmay_temple_entry_fiery,
          basic_altar
D:8:      layout_rooms, lemuel_coloured_pillars_altar, david_lair_generic,
          uniq_psyche, uniq_harold, uniq_erica, uniq_joseph, uniq_gastronok
Temple:   minmay_crystal_snake_temple

Skill      XL: |  1  2  3  4  5  6  7  8  9 10 |
---------------+-------------------------------+-----
Long Blades    | 3 4 5 6 7 8 |  8.7
Armour         | 1 2 3 4 5 6 |  6.7
Stealth        | 1 2 3 4 5 |  5.0
Dodging        | 3 4 5 6 8 |  8.0
Fighting       | 3 4 6 7 |  7.0
Throwing       | |  1.7

Action                   |  1- 3 |  4- 6 |  7- 9 | 10-12 || total
-------------------------+-------+-------+-------+-------++-------
Melee: Long sword        |    96 |   151 |   564 |   160 ||   971
Throw: Throwing net      |       |       |     2 |       ||     2
  Use: Scroll            |     1 |       |    10 |       ||    11
       Potion            |       |       |       |    10 ||    10
 Stab: Sleeping          |     2 |       |       |       ||     2
       Invisible         |       |       |     3 |       ||     3
  Eat: Chunk             |     1 |     7 |    16 |     1 ||    25
       Ration            |       |       |       |     1 ||     1
Armor: Leather armour    |    25 |       |       |       ||    25
       Ring mail         |    38 |   102 |    83 |       ||   223
       Chain mail        |       |       |   279 |   119 ||   398
Dodge: Dodged            |    80 |   124 |   404 |    99 ||   707
       Rpst.: Long sword |    23 |    33 |   120 |    29 ||   205

Table legend:
 A = Non-vault XP
 B = Vault XP
 C = Vault XP percentage of total XP
 D = Non-vault monster count
 E = Vault monster count
 F = Vault count percentage of total count
                 A         B        C        D         E       F
            +---------+---------+-------+---------+---------+-------
      Total |    4779 |    3836 |  44.5 |     197 |      23 |  10.5
            +---------+---------+-------+---------+---------+-------
        D:1 |      64 |       8 |  11.1 |      29 |       4 |  12.1
        D:2 |      74 |       0 |   0.0 |      16 |       0 |   0.0
        D:3 |     144 |       1 |   0.7 |      24 |       1 |   4.0
        D:4 |     635 |       0 |   0.0 |      25 |       0 |   0.0
        D:5 |     507 |     265 |  34.3 |      25 |       3 |  10.7
        D:6 |    1545 |       0 |   0.0 |      31 |       0 |   0.0
        D:7 |     714 |     229 |  24.3 |      17 |       8 |  32.0
        D:8 |    1096 |    3333 |  75.3 |      30 |       7 |  18.9
            +---------+---------+-------+---------+---------+-------
